 Dungeon Sprint DCSS version 0.29-a0-352-g0917bc69df (webtiles) character file.

Game seed: 2734848789715287467

55327 mhtbhm the Slayer (level 14, -20/249 HPs)
             Began as a Minotaur Berserker on Apr 23, 2022.
             Was the Champion of Trog.
             Killed from afar by an ironbound thunderhulk (45 damage)
             ... with a bolt of lightning
             ... in the Dungeon (Sprint IX: "|||||||||||||||||||||||||||||").
             The game lasted 00:09:03 (5192 turns).

mhtbhm the Slayer (Minotaur Berserker)              Turns: 5192, Time: 00:09:03

Health: -20/249    AC: 21    Str: 26    XL:     14   Next: 37%
Magic:  13/13      EV: 20    Int:  4    God:    Trog [******]
Gold:   1025       SH: 21    Dex: 15    Spells: 13/13 levels left

rFire   . . .      SeeInvis .   a - +7 broad axe of Welfare {flame, Dex+4}
rCold   . . .      Faith    .   F - +1 tower shield
rNeg    . . .      Spirit   .   b - +0 swamp dragon scales
rPois   +          Reflect  .   (helmet restricted)
rElec   .          Harm     .   H - +1 cloak {Stlth+}
rCorr   .          Rampage  .   G - +1 pair of gloves
Will    +....      NoTele   +   w - +0 pair of boots
Stlth   ..........              r - amulet of the acrobat
HPRegen 0.51/turn               l - +2 ring of evasion
MPRegen 0.13/turn               k - +2 ring of protection

@: berserking (expiring), very quick
A: horns 2, retaliatory headbutt
a: Renounce Religion, Berserk, Trog's Hand, Brothers in Arms


You were in the Dungeon.
You worshipped Trog.
Trog was exalted by your worship.
You visited 1 branch You collected 1916 gold pieces.
You spent 891 gold pieces at shops.

Inventory:

Hand Weapons
 a - the +7 broad axe of Welfare (weapon) {flame, Dex+4}
   (You bought it in a shop in the Dungeon)

   It burns those it strikes, dealing additional fire damage.
   Big, fiery blades are also staple armaments of hydra-hunters.
   Dex:       It affects your dexterity (+4).
 x - a +5 vorpal battleaxe
Missiles
 t - 4 poisoned darts (quivered)
Armour
 b - +0 swamp dragon scales (worn)
 w - a +0 pair of boots (worn)
 F - a +1 tower shield (worn)
 G - a +1 pair of gloves (worn)
 H - a +1 cloak of stealth (worn)
Jewellery
 k - a +2 ring of protection (right hand)
 l - a +2 ring of evasion (left hand)
 r - an amulet of the acrobat (around neck)
 B - a ring of ice
 C - a ring of protection from fire
 D - a ring of willpower
 E - a ring of poison resistance
Wands
 j - a wand of acid (5)
Scrolls
 h - 4 scrolls of blinking
 n - 2 scrolls of fog
 o - 2 scrolls of enchant armour
 p - a scroll of identify
 q - 6 scrolls of enchant weapon
 s - a scroll of fear
Potions
 c - 5 potions of curing
 d - 5 potions of heal wounds
 e - 6 potions of haste
 f - 4 potions of magic
 g - a potion of berserk rage
 i - a potion of invisibility
 z - 3 potions of mutation
 A - a potion of attraction
Miscellaneous
 m - a phantom mirror


   Skills:
 + Level 26.9 Fighting
 + Level 26.6 Axes
 + Level 15.8 Armour
 + Level 16.8 Dodging
 + Level 5.5 Stealth
 + Level 16.4 Shields
 + Level 3.1 Evocations


You had 13 spell levels left.
You didn't know any spells.
Your spell library was empty.

Dungeon Overview and Level Annotations

Branches:
Dungeon (1/1)

Altars:
Cheibriados
Dithmenos
Elyvilon
Fedhas
Gozag
Hepliaklqana
Kikubaaqudgha
Makhleb
Nemelex Xobeh
Okawaru
Qazlal
Ru
Sif Muna
Trog
Uskayaw
Vehumet
Wu Jian
Xom
Yredelemnul
Zin
The Shining One
Beogh
Jiyva
Lugonu

Shops:
D (**(


Innate Abilities, Weirdness & Mutations

You have a pair of horns on your head.
You reflexively headbutt those who attack you in melee.


Message History

Trog accepts your kill.
Unknown command.
A harpy comes into view.
Electricity crackles from the ironbound thunderhulk's apparatus.
The bolt of lightning misses you.
Strange energies crackle from the ironbound thunderhulk's apparatus.
The ironbound thunderhulk blinks!
The vault warden activates a sealing rune.
A door slams shut!
Things that are here:
a +0 arbalest; a yaktaur corpse You slice the ironbound thunderhulk!!
You burn the ironbound thunderhulk. You headbutt the ironbound thunderhulk!
The ironbound thunderhulk is heavily wounded.
An ironbound thunderhulk opens the door.
The vault warden activates a sealing rune.
A door slams shut!
Electricity crackles from the ironbound thunderhulk's apparatus.
The bolt of lightning misses you.
You block the ironbound thunderhulk's attack.
You slash the ironbound thunderhulk! You burn the ironbound thunderhulk.
The ironbound thunderhulk is severely wounded.
Unknown command.
You closely miss the ironbound thunderhulk.
You headbutt the ironbound thunderhulk!
The ironbound thunderhulk is severely wounded.
Electricity crackles from the ironbound thunderhulk's apparatus.
The bolt of lightning hits you!!!
* * * LOW HITPOINT WARNING * * *
An ironbound thunderhulk opens the door.
You slash the ironbound thunderhulk! You burn the ironbound thunderhulk.
The ironbound thunderhulk is almost dead.
The ironbound thunderhulk hits you with a +0 dire flail.
* * * LOW HITPOINT WARNING * * *
Unknown command.
You completely miss the ironbound thunderhulk.
The ironbound thunderhulk is almost dead.
Electricity crackles from the ironbound thunderhulk's apparatus.
The bolt of lightning hits you!!!
You die...

..[[[[[)......)..)')[....[.[.....
▓▓▓▓▓▓▓▓▓▓▓▓▓▓▓▓▓▓▓▓▓▓▓▓▓▓▓▓▓▓▓▓▓
..................)).............
♣▓▓▓▓▓▓▓▓▓▓▓▓▓▓▓▓▓▓▓▓▓▓▓▓▓▓▓▓▓▓▓▓
.')†.......'))))))...))†.)†....'.
♣▓▓▓▓▓▓▓▓▓▓▓▓▓▓▓▓▓▓▓▓▓▓▓▓▓▓▓▓▓▓▓▓
.................................
▓▓▓▓▓▓▓▓▓▓▓▓▓▓▓▓▓▓▓▓▓▓▓▓▓▓▓▓▓▓▓▓▓
.[)(.......O'[.)@OO.OcpH
▓▓▓▓▓▓▓▓▓▓▓▓▓▓▓▓▓▓▓▓▓▓▓▓


You could see a vault warden, 4 ironbound thunderhulks, a yaktaur captain and a
harpy.

Vanquished Creatures
  A lich (D)
  Frances (D)
  A tengu reaver (D)
  A nagaraja (D)
  A frost giant (D)
  An ironbound preserver (D)
  A stone giant (D)
  An eleionoma (D)
  2 spark wasps (D)
  A bunyip (D)
  A fire dragon (D)
  2 ettins (D)
  Snorg (D)
  A yaktaur captain (D)
  A rakshasa (D)
  3 hydras (D)
  2 ice dragons (D)
  2 peacekeepers (D)
  A spriggan air mage (D)
  A ghost crab (D)
  An ironbound frostheart (D)
  A merfolk avatar (D)
  A two-headed ogre (D)
  2 centaur warriors (D)
  2 deep troll shamans (D)
  2 naga warriors (D)
  A tengu warrior (D)
  A spriggan berserker (D)
  A naga sharpshooter (D)
  7 orc high priests (D)
  A hell knight (D)
  A steelbarb worm (D)
  2 sea snakes (D)
  A steelbarb worm (shapeshifter) (D)
  An orb spider (D)
  2 glowing orange brains (D)
  2 bog bodies (D)
  5 orc knights (D)
  A wizard (D)
  A harpy (D)
  2 wolf spiders (D)
  A deep elf pyromancer (D)
  A mana viper (shapeshifter) (D)
  An orc sorcerer (D)
  An ugly thing (D)
  2 manticores (D)
  4 black mambas (D)
  2 water nymphs (D)
  2 naga magi (D)
  A vault sentinel (D)
  A gargoyle (D)
  6 cane toads (D)
  A demonic crawler (D)
  A kobold demonologist (D)
  A rime drake (D)
  4 komodo dragons (D)
  2 tengu conjurers (D)
  A merfolk (D)
  A polar bear (D)
  2 trolls (D)
  4 tyrant leeches (D)
  A snapping turtle (D)
  4 blink frogs (D)
  A water elemental (D)
  A jumping spider (D)
  Eustachio (D)
  A wraith (D)
  A yak (D)
  2 redbacks (D)
  A steam dragon (D)
  A water moccasin (D)
  8 orc warriors (D)
  2 centaurs (D)
  4 bullfrogs (D)
  2 orc priests (D)
  An iguana (D)
  3 orc wizards (D)
  2 adders (D)
  A white imp (D)
  9 orcs (D)
  An endoplasm (D)
  A ball python (D)
  A bat simulacrum (D)
  A frilled lizard (D)
  2 rats (D)
155 creatures vanquished.

Vanquished Creatures (collateral kills)
  A fire dragon (D)
  A rakshasa (D)
  An orc high priest (D)
  A necromancer (D)
  3 orc knights (D)
  A tengu conjurer (D)
8 creatures vanquished.

Vanquished Creatures (others)
  A tyrant leech (D)
1 creature vanquished.

Grand Total: 164 creatures vanquished

Notes
Turn   | Place    | Note
-------+----------+-------------------------------------------
     0 | D        | mhtbhm the Minotaur Berserker began the quest for the Orb.
     0 | D        | Reached XP level 1. HP: 19/19 MP: 0/0
    11 | D        | Reached ** piety under Trog
    50 | D        | Noticed an iguana
    54 | D        | Killed an iguana
    55 | D        | Reached skill level 5 in Fighting
    55 | D        | Reached skill level 5 in Axes
    55 | D        | Reached XP level 2. HP: 29/29 MP: 1/1
    55 | D        | Reached XP level 3. HP: 36/36 MP: 2/2
    56 | D        | Reached *** piety under Trog
    68 | D        | Found a snail-covered altar of Cheibriados.
    68 | D        | Found a shadowy altar of Dithmenos.
    68 | D        | Found a white marble altar of Elyvilon.
    68 | D        | Found a blossoming altar of Fedhas.
    68 | D        | Found an opulent altar of Gozag.
    69 | D        | Found a hazy altar of Hepliaklqana.
    70 | D        | Found a viscous altar of Jiyva.
    71 | D        | Found an ancient bone altar of Kikubaaqudgha.
    72 | D        | Found a corrupted altar of Lugonu.
    73 | D        | Found a burning altar of Makhleb.
    74 | D        | Found a sparkling altar of Nemelex Xobeh.
    75 | D        | Found an iron altar of Okawaru.
    76 | D        | Found a stormy altar of Qazlal.
    77 | D        | Found a sacrificial altar of Ru.
    78 | D        | Found a shimmering blue altar of Sif Muna.
    79 | D        | Found a bloodstained altar of Trog.
    80 | D        | Found a hide-covered altar of Uskayaw.
    81 | D        | Found a radiant altar of Vehumet.
    82 | D        | Found an ornate altar of the Wu Jian Council.
    83 | D        | Found a shimmering altar of Xom.
    84 | D        | Found a basalt altar of Yredelemnul.
    85 | D        | Found a glowing silver altar of Zin.
    86 | D        | Found a glowing golden altar of the Shining One.
   139 | D        | Noticed a centaur
   139 | D        | Noticed a gargoyle
   139 | D        | Noticed a troll
   139 | D        | Noticed a kobold demonologist
   139 | D        | Noticed a centaur
   139 | D        | Noticed a steam dragon
   142 | D        | Killed a centaur
   143 | D        | Reached skill level 5 in Armour
   143 | D        | Reached XP level 4. HP: 48/48 MP: 3/3
   148 | D        | Killed a gargoyle
   148 | D        | Reached **** piety under Trog
   149 | D        | Reached skill level 10 in Fighting
   149 | D        | Reached skill level 1 in Stealth
   149 | D        | Reached XP level 5. HP: 59/59 MP: 4/4
   149 | D        | Reached XP level 6. HP: 67/67 MP: 5/5
   150 | D        | Killed a troll
   151 | D        | Reached XP level 7. HP: 74/74 MP: 6/6
   154 | D        | Killed a kobold demonologist
   157 | D        | Reached ***** piety under Trog
   162 | D        | Killed a steam dragon
   163 | D        | Reached XP level 8. HP: 41/86 MP: 7/7
   343 | D        | Noticed a manticore
   343 | D        | Noticed a manticore
   343 | D        | Noticed a troll
   343 | D        | Noticed a two-headed ogre
   343 | D        | Noticed a centaur warrior
   464 | D        | Killed a manticore
   467 | D        | Killed a manticore
   470 | D        | Killed a troll
   471 | D        | Reached skill level 15 in Axes
   471 | D        | Reached XP level 9. HP: 96/96 MP: 8/8
   473 | D        | Killed a two-headed ogre
   474 | D        | Reached skill level 15 in Fighting
   480 | D        | Killed a centaur warrior
   624 | D        | Noticed a polar bear
   624 | D        | Noticed a komodo dragon
   624 | D        | Noticed a cane toad
   626 | D        | Noticed a cane toad
   629 | D        | Killed a polar bear
   631 | D        | Noticed a cane toad
   633 | D        | Killed a komodo dragon
   634 | D        | Received a gift from Trog
   635 | D        | Reached XP level 10. HP: 108/108 MP: 9/9
   635 | D        | Noticed a cane toad
   636 | D        | Killed a cane toad
   637 | D        | Reached skill level 10 in Dodging
   641 | D        | Killed a cane toad
   642 | D        | Reached skill level 10 in Armour
   643 | D        | Killed a cane toad
   650 | D        | Killed a cane toad
   650 | D        | Reached ****** piety under Trog
   689 | D        | Noticed a black mamba
   696 | D        | Received a gift from Trog
   704 | D        | Killed a black mamba
   715 | D        | Received a gift from Trog
   894 | D        | Noticed a cane toad
   894 | D        | Noticed a cane toad
   907 | D        | Killed a cane toad
   908 | D        | Killed a cane toad
   909 | D        | Reached XP level 11. HP: 121/121 MP: 10/10
  1014 | D        | Noticed Eustachio
  1019 | D        | Killed Eustachio
  1094 | D        | Received a gift from Trog
  1109 | D        | Received a gift from Trog
  1146 | D        | Noticed an orc knight
  1154 | D        | Killed an orc knight
  1155 | D        | Noticed an orc sorcerer
  1158 | D        | Noticed an orc knight
  1160 | D        | Received a gift from Trog
  1168 | D        | Noticed an orc knight
  1169 | D        | Paralysed by an orc sorcerer for 4 turns
  1175 | D        | Killed an orc sorcerer
  1182 | D        | Killed an orc knight
  1189 | D        | Killed an orc knight
  1197 | D        | HP: 3/124 [orc warrior/+0 trident (23)]
  1199 | D        | Received a gift from Trog
  1532 | D        | Found Sudghucle's Antique Weapon Emporium.
  1532 | D        | Noticed an orc knight
  1532 | D        | Noticed an orc high priest
  1532 | D        | Noticed an orc high priest
  1532 | D        | Noticed an orc high priest
  1532 | D        | Noticed an orc high priest
  1533 | D        | Noticed an orc knight
  1537 | D        | Killed an orc knight
  1538 | D        | Noticed a sun demon
  1541 | D        | Killed an orc high priest
  1542 | D        | Noticed an orc knight
  1547 | D        | Killed an orc high priest
  1550 | D        | Killed an orc high priest
  1551 | D        | Found Zegrej's Assorted Antiques.
  1551 | D        | Noticed an orc knight
  1555 | D        | Noticed an orc high priest
  1561 | D        | Killed an orc high priest
  1561 | D        | Received a gift from Trog
  1562 | D        | Found Ziekh's General Store.
  1563 | D        | Noticed an orc high priest
  1564 | D        | Noticed an orc high priest
  1566 | D        | Noticed a soul eater
  1569 | D        | Killed an orc knight
  1587 | D        | Killed an orc knight
  1603 | D        | Killed an orc knight
  1617 | D        | Killed an orc high priest
  1618 | D        | Reached XP level 12. HP: 65/137 MP: 11/11
  1625 | D        | Killed an orc high priest
  1635 | D        | Killed an orc high priest
  2013 | D        | Found Melu's Antique Weapon Shoppe.
  2019 | D        | Noticed an orc high priest
  2035 | D        | Killed an orc high priest
  2052 | D        | Bought a fine broad axe for 180 gold pieces
  2052 | D        | Identified the +7 broad axe of Welfare {flame, Dex+4} (You
                  | bought it in a shop in the Dungeon)
  2056 | D        | Bought a scroll labelled RYINOUXUSU for 18 gold pieces
  2056 | D        | Bought a scroll of identify for 36 gold pieces
  2056 | D        | Bought a smoky inky potion for 16 gold pieces
  2058 | D        | Bought a potion of attraction for 39 gold pieces
  2058 | D        | Bought a potion of mutation for 104 gold pieces
  2064 | D        | Bought a +0 plate armour of positive energy for 351 gold
                  | pieces
  2071 | D        | Bought a glowing broad axe for 147 gold pieces
  2293 | D        | Noticed a centaur warrior
  2293 | D        | Noticed a tengu warrior
  2294 | D        | Received a gift from Trog
  2401 | D        | Noticed a seven-headed hydra
  2408 | D        | Killed a centaur warrior
  2413 | D        | Killed a tengu warrior
  2414 | D        | Reached skill level 1 in Shields
  2422 | D        | Received a gift from Trog
  2425 | D        | Killed a four-headed hydra
  2440 | D        | Noticed a fire dragon
  2451 | D        | Received a gift from Trog
  2857 | D        | Killed a fire dragon
  2858 | D        | Reached skill level 1 in Evocations
  2868 | D        | Noticed a deep troll shaman
  2869 | D        | Noticed a spriggan air mage
  2876 | D        | Killed a deep troll shaman
  2884 | D        | Killed a spriggan air mage
  2885 | D        | Reached skill level 5 in Shields
  3095 | D        | Noticed Frances
  3107 | D        | Killed Frances
  3107 | D        | Received a gift from Trog
  3266 | D        | Noticed a six-headed hydra
  3266 | D        | Noticed an eight-headed hydra
  3266 | D        | Noticed an eleionoma
  3267 | D        | Noticed a bunyip
  3275 | D        | Killed a three-headed hydra
  3276 | D        | Noticed a ghost crab
  3281 | D        | Reached XP level 13. HP: 86/150 MP: 12/12
  3286 | D        | Killed a bunyip
  3289 | D        | Killed an eleionoma
  3291 | D        | Received a gift from Trog
  3292 | D        | Reached skill level 15 in Dodging
  3545 | D        | Noticed a spark wasp
  3568 | D        | Killed a spark wasp
  3576 | D        | Received a gift from Trog
  3683 | D        | Noticed a nagaraja
  3693 | D        | Killed a nagaraja
  3694 | D        | Reached skill level 10 in Shields
  3699 | D        | Received a gift from Trog
  4019 | D        | Received a gift from Trog
  4043 | D        | Received a gift from Trog
  4202 | D        | Noticed Snorg
  4209 | D        | Killed Snorg
  4285 | D        | Noticed a tengu reaver
  4285 | D        | Noticed an ettin
  4288 | D        | Noticed an ettin
  4296 | D        | Killed a tengu reaver
  4296 | D        | Received a gift from Trog
  4298 | D        | Noticed a fire dragon
  4305 | D        | Reached skill level 15 in Armour
  4306 | D        | Killed an ettin
  4307 | D        | Noticed a spark wasp
  4309 | D        | Killed an ettin
  4310 | D        | Reached skill level 5 in Stealth
  4317 | D        | Killed a fire dragon
  4318 | D        | Reached XP level 14. HP: 47/165 MP: 13/13
  4332 | D        | Noticed a frost giant
  4332 | D        | Received a gift from Trog
  4738 | D        | Reached skill level 15 in Shields
  4740 | D        | Noticed a stone giant
  4741 | D        | Noticed a lich
  4747 | D        | Killed a frost giant
  4747 | D        | Received a gift from Trog
  4752 | D        | Killed a stone giant
  4757 | D        | Killed a lich
  4765 | D        | HP: 4/166 [steelbarb worm (glowing shapeshifter) (9)]
  5155 | D        | Noticed an ironbound preserver
  5170 | D        | Noticed an ironbound thunderhulk
  5173 | D        | Noticed an ironbound thunderhulk
  5176 | D        | Received a gift from Trog
  5177 | D        | Noticed an ironbound thunderhulk
  5178 | D        | Noticed an ironbound thunderhulk
  5183 | D        | Killed an ironbound preserver
  5184 | D        | Noticed a vault warden
  5192 | D        | Killed from afar by an ironbound thunderhulk

Illustrated notes

Levels and vault maps discovered:
D:        linesprint [early_d, line_temple, items_1, d_10, items_2, lair_1,
          lair_end, items_3, orc_1, orc_end, items_4, d_15, swamp_1, shoals_1,
          snake_1, spider_1, d_20, vaults_1, items_5, swamp_end, shoals_end,
          snake_end, spider_end, vaults_end, d_27, items_6, zot_1, zot_end,
          crypt_end, forest_end, elf_end, slime_end, tomb_end, abyss_end,
          pan_hell_end]

Skill      XL: |  1  2  3  4  5  6  7  8  9 10 11 12 13 14 |
---------------+-------------------------------------------+-----
Fighting       | 5 8 10 11 13 14 16 18 21 24 26 | 26.9
Axes           | 5 8 11 12 13 15 17 20 22 23 25 26 | 26.6
Armour         | 3 5 6 7 8 9 10 12 13 15 | 15.8
Dodging        | 3 4 6 7 8 9 11 13 14 16 | 16.8
Stealth        | 1 2 3 4 5 |  5.5
Shields        | 7 14 16 | 16.4
Evocations     | 1 3 |  3.1

Action                   |  1- 3 |  4- 6 |  7- 9 | 10-12 | 13-15 || total
-------------------------+-------+-------+-------+-------+-------++-------
Melee: Hand axe          |    19 |       |       |       |       ||    19
       Headbutt          |     1 |       |     6 |    47 |    38 ||    92
       War axe           |     1 |     7 |    32 |    36 |       ||    76
       Punch             |       |       |     1 |     1 |       ||     2
       Battleaxe         |       |       |       |   144 |       ||   144
       Broad axe         |       |       |       |    75 |   179 ||   254
Invok: Berserk           |     2 |       |     2 |     8 |     5 ||    17
       Brothers in Arms  |       |       |       |     4 |     1 ||     5
Evoke: Phantom mirror    |       |       |       |     1 |     1 ||     2
       Wand              |       |       |       |       |     5 ||     5
  Use: Potion            |       |       |       |     1 |     4 ||     5
       Scroll            |       |       |       |     1 |     1 ||     2
 Stab: Sleeping          |       |       |       |       |     1 ||     1
Armor: Animal skin       |     4 |       |       |       |       ||     4
       Ring mail         |     2 |     2 |    11 |    11 |       ||    26
       Swamp dragon scal |       |       |       |    35 |    31 ||    66
Dodge: Dodged            |    11 |     2 |    21 |   129 |    79 ||   242
Block: Tower shield      |       |       |       |    56 |   116 ||   172

Table legend: (Time is in decaauts)
 A = Elapsed time spent in this place.
 B = Non-inter-level travel time spent in this place.
 C = Inter-level travel time spent in this place.
 D = Time resting spent in this place.
 E = Time spent auto-exploring this place.
 F = Levels seen in this place.
 G = Mean time per level.
                   A        B        C        D        E       F      G
               +--------+--------+--------+--------+--------+-----+--------+
         Total |   5231 |   5231 |      0 |   3095 |    470 |   1 | 5231.0 |
       Dungeon |   5231 |   5231 |      0 |   3095 |    470 |   1 | 5231.0 |
               +--------+--------+--------+--------+--------+-----+--------+

Top non-repeatable levels by time:
       D: 5231 daAuts
